AoeStats
← berenjena06

Lombardia

510239253Analyzed
3v3 RM · 1d ago on Sep 30, 2026· 34m 38s· 6 players
Game mode
Random Map
Map size
Normal (6 player)
Population
200
Speed
Normal
Resources
Standard
Victory
Conquest
Starting age
Dark Age
Ending age
Imperial Age
RankedLock teamsTeams togetherTeam positionsShared explorationLock speedFull tech treeHidden civsTurbo modeCheats
Victory
Defeat
🇦🇷 Cumans · Argentina
1173
+17
🇦🇷 Aztecs · Argentina
1166
+17
🇦🇷 Portuguese · Argentina
1151
+18
🇲🇽 Varangians · Mexico
1236
-19
🇺🇸 Byzantines · United States
1199
-18
🇨🇴 Goths · Colombia
1140
-15
Waydess
10:43 Feudal Age
9:02 Loom
11:30 Double-Bit Axe
11:28 Horse Collar
16:53 Castle Age
15:58 Gold Mining
19:05 Bow Saw
21:25 Elite Skirmisher
CFGallardo
9:58 Feudal Age
13:50 Castle Age
12:25 Double-Bit Axe
13:33 Forging
13:32 Man-at-Arms
16:36 Horse Collar
19:46 Wheelbarrow
21:23 Long Swordsman
22:52 Iron Casting
22:36 Pikeman
26:39 Heavy Plow
26:10 Pikeman
29:51 Imperial Age
27:36 Gold Mining
28:09 Bow Saw
28:51 Pikeman
30:34 Perfusion
31:52 Two-Handed Swordsman
ojitos007
5:10 Loom
12:40 Feudal Age
19:01 Castle Age
18:40 Double-Bit Axe
20:06 Bow Saw
20:55 Horse Collar
30:53 Wheelbarrow
33:06 Forging
34:41 Iron Casting
LaBestiaPOP8861
11:07 Feudal Age
15:46 Castle Age
14:24 Loom
14:34 Stone Mining
14:40 Gold Mining
16:07 Double-Bit Axe
29:43 Imperial Age
berenjena06
6:13 Loom
9:55 Feudal Age
10:10 Man-at-Arms
12:04 Gold Mining
12:11 Double-Bit Axe
21:35 Castle Age
20:03 Scale Mail Armor
20:18 Arson
20:39 Horse Collar
22:09 Long Swordsman
23:43 Wheelbarrow
24:44 Redemption
25:09 Gambesons
27:18 Sanctity
28:04 Forging
28:48 Atonement
29:35 Hand Cart
29:05 Town Watch
29:24 Heavy Plow
29:35 Bow Saw
31:14 Iron Casting
31:25 Chain Mail Armor
32:49 Squires
32:34 Arson
33:58 Devotion
34:09 Fervor
Sadicomane
6:11 Loom
9:24 Feudal Age
10:26 Double-Bit Axe
11:10 Horse Collar
19:29 Castle Age
19:52 Bloodlines
20:23 Scale Barding Armor
23:34 Forging
23:44 Chain Barding Armor
27:59 Bow Saw
27:51 Heavy Plow
29:43 Wheelbarrow
29:00 Gold Mining
31:10 Iron Casting
37:48 Imperial Age
Connection lost

Rejoining the realm…

Still unreachable

The connection could not be restored.

Session expired

The server has moved on; the page needs a fresh start.